 Dungeon Crawl Stone Soup version 0.28-a0-957-g42eb19b844 (webtiles) character file.

Game seed: 9579358315574803357

24 ryw the Sneak (level 3, -1/27 HPs)
             Began as a Human Brigand on Nov 30, 2021.
             Slain by a goblin (2 damage)
             ... led by Robin
             ... on level 1 of the Dungeon.
             The game lasted 00:02:23 (1109 turns).

ryw the Sneak (Human Brigand)                       Turns: 1109, Time: 00:02:24

Health: -1/27      AC:  3    Str: 11    XL:     3   Next: 15%
Magic:  3/3        EV: 12    Int: 11    God:
Gold:   17         SH:  0    Dex: 16    Spells: 2/2 levels left

rFire   . . .      SeeInvis .   a - +2 dagger
rCold   . . .      Faith    .   (no shield)
rNeg    . . .      Spirit   .   b - +0 robe
rPois   .          Reflect  .   (no helmet)
rElec   .          Harm     .   c - +0 cloak
rCorr   .          Rampage  .   (no gloves)
Will    .....                   (no boots)
Stlth   +++.......              (no amulet)
HPRegen 0.09/turn               (no ring)
MPRegen 0.08/turn               (no ring)

@: no status effects
A: no striking features
a: no special abilities


You were on level 1 of the Dungeon.
You visited 1 branch of the dungeon, and saw 2 of its levels.

You collected 17 gold pieces.

Inventory:

Hand Weapons
 a - a +2 dagger (weapon)
Missiles
 d - 8 poisoned darts (quivered)
 e - 2 curare-tipped darts
 j - 4 boomerangs
Armour
 b - a +0 robe (worn)
 c - a +0 cloak (worn)
Jewellery
 l - a ring of protection from fire
Scrolls
 f - 2 scrolls of teleportation {unknown}
 g - a scroll of holy word {unknown}
 h - a scroll of vulnerability {unknown}
 i - a scroll of acquirement {unknown}


   Skills:
 + Level 2.2 Fighting
 * Level 2.5 Short Blades
 + Level 2.2 Throwing
 + Level 1.4 Dodging
 + Level 4.1 Stealth


You had 2 spell levels left.
You didn't know any spells.
Your spell library was empty.

Dungeon Overview and Level Annotations

Branches:
Dungeon (2/15)

Altars:

Shops:
D:1 =

Annotations:
D:2 Robin


Message History

You barely miss the hobgoblin.
The hobgoblin is severely wounded.
The hobgoblin closely misses you.
You hit the hobgoblin but do no damage.
The hobgoblin is severely wounded.
The goblin barely misses you.
You hit the hobgoblin.
The hobgoblin is almost dead.
The hobgoblin hits you.
* * * LOW HITPOINT WARNING * * *
The goblin completely misses you.
You barely miss the hobgoblin.
The hobgoblin is almost dead.
The hobgoblin closely misses you. The goblin misses you.
You hit the hobgoblin.
You kill the hobgoblin!
The goblin misses you.
The goblin unwields a +0 dagger.
The goblin wields a +0 hunting sling.
The goblin shoots a stone.
The stone hits you.
* * * LOW HITPOINT WARNING * * *
Things that are here:
a +0 club; a hobgoblin corpse Unknown command.
It was a potion of magic.
Magic courses through your body.
You barely miss the goblin.
The goblin unwields a +0 hunting sling.
The goblin wields a +0 dagger.
The goblin hits you but does no damage.
You hit the goblin.
You kill the goblin!
The goblin unwields a +0 dagger.
The goblin wields a +0 hunting sling.
The goblin shoots a stone.
The stone misses you.
The goblin unwields a +0 hunting sling.
The goblin wields a +0 dagger.
The goblin hits you with a +0 dagger.
* * * LOW HITPOINT WARNING * * *
There is a stone staircase leading down here.
Things that are here:
a +0 dagger; a +0 hunting sling; 26 stones You hit the goblin.
The goblin is severely wounded.
The goblin hits you with a +0 dagger.
You die...

...#.# #..## #..######..
..##.# #..# #...# #..
..##.#####..# #########..#
##.. ............#
#..........# #...
.###.######.# #.#######..#
#.#. .# #.# #...# #.# #..#
#.#. .# #.# #.### #.# #..#
#.#. .# #.# #.# #)#
#..####.#. .###.# #.# #@#
#......>.. .....####.###
#g# ##†####.##
............# #.# #.# #.#
#########.#.# #.# #.# #.#
#.....####.########.####.#
#.#..................†...#
#.#.........#.#####.######
#.###.#######.#####.#
#.....# #.......#


You could see a goblin.

Vanquished Creatures
  6 ball pythons
  2 bats (D:1)
  An endoplasm (D:1)
  3 hobgoblins (D:1)
  2 jackals (D:1)
  2 kobolds (D:1)
  3 goblins (D:1)
  2 rats (D:1)
  A spectral goblin (D:1)
22 creatures vanquished.

Vanquished Creatures (others)
  2 plants (D:2)
2 creatures vanquished.

Grand Total: 24 creatures vanquished

Notes
Turn   | Place    | Note
-------+----------+-------------------------------------------
     0 | D:1      | ryw the Human Brigand began the quest for the Orb.
     0 | D:1      | Reached XP level 1. HP: 16/16 MP: 1/1
    99 | D:1      | Found a faded altar of an unknown god.
   217 | D:1      | Found Ufyassio's Jewellery Shop.
   227 | D:1      | Reached XP level 2. HP: 11/22 MP: 2/2
   943 | D:2      | Reached XP level 3. HP: 26/27 MP: 3/3
   954 | D:2      | Noticed Robin
  1108 | D:1      | HP: 1/27 [goblin[Robin] (2)]
  1109 | D:1      | Slain by a goblin

Illustrated notes

Levels and vault maps discovered:
D:1:      scummos_arrival_gate, layout_loops_ring, serial_shops, shop,
          dreamdust_ecumenical_altar_drowned_temple, hangedman_glass_teeth
D:2:      layout_basic, serial_forest, infiniplex_forest_clump_double,
          infiniplex_forest_end_2, infiniplex_forest_straight_3,
          infiniplex_forest_lined_room_2, minmay_cupped, uniq_robin

Action                   || total
-------------------------++-------
Melee: Dagger            ||    72
  Use: Potion            ||     1
 Stab: Sleeping          ||     6
Armor: Robe              ||    17
Dodge: Dodged            ||    45

Table legend: (Time is in decaauts)
 A = Elapsed time spent in this place.
 B = Non-inter-level travel time spent in this place.
 C = Inter-level travel time spent in this place.
 D = Time resting spent in this place.
 E = Time spent auto-exploring this place.
 F = Levels seen in this place.
 G = Mean time per level.
                   A        B        C        D        E       F      G
               +--------+--------+--------+--------+--------+-----+--------+
         Total |   1111 |   1084 |     27 |    294 |    593 |   2 |  555.5 |
       Dungeon |   1111 |   1084 |     27 |    294 |    593 |   2 |  555.5 |
               +--------+--------+--------+--------+--------+-----+--------+

Top non-repeatable levels by time:
     D:1: 1082 daAuts
     D:2: 28 daAuts
